 Dungeon Crawl Stone Soup version 0.27-a0-1202-ge72e49191c (webtiles) character file.

Game seed: 14301783566289186964

7155 reriks the Protected (level 10, -2/94 HPs)
             Began as a Deep Dwarf Fighter on June 2, 2021.
             Was an Elder of Qazlal.
             Slain by a two-headed ogre
             ... wielding a +0 giant spiked club
              (16 damage)
             ... on level 10 of the Dungeon.
             The game lasted 00:05:26 (6881 turns).

reriks the Protected (Deep Dwarf Fighter)           Turns: 6881, Time: 00:05:26

Health: -2/94      AC: 11    Str: 24    XL:     10   Next: 86%
Magic:  5/5        EV: 12    Int:  8    God:    Qazlal [****..]
Gold:   124        SH: 17    Dex: 12    Spells: 9/9 levels left

rFire    . . .     SeeInvis .   x - +1 war axe (freeze)
rCold    . . .     Faith    .   c - +0 kite shield
rNeg     + . .     Spirit   .   b - +0 scale mail
rPois    .         Reflect  .   w - +2 hat
rElec    .         Harm     .   F - scarf {shadows}
rCorr    +         Rampage  .   E - +0 pair of gloves
Will     +....                  (no boots)
Stlth    ..........             (no amulet)
HPRegen  0.00/turn              k - ring of resist corrosion
MPRegen  0.09/turn              B - ring of positive energy

@: repel missiles
A: damage resistance, heal wounds, sense surroundings 2, no regeneration
a: Heal Wounds, Renounce Religion, Upheaval, Elemental Force


You were on level 10 of the Dungeon.
You worshipped Qazlal.
Qazlal was greatly pleased with you.
You visited 1 branch of the dungeon, and saw 10 of its levels.

You collected 501 gold pieces.
You spent 377 gold pieces at shops.

Inventory:

Hand Weapons
 a - a +1 war axe
 x - a +1 war axe of freezing (weapon)
 H - the +7 flail of the Open Hand {holy, +Rage rCorr}
   (You found it on level 9 of the Dungeon)

   It has been blessed by the Shining One to cause great damage to the undead
   and demons.
   It lets you go berserk.
   It protects you from acid and corrosion.
Missiles
 y - 7 curare-tipped darts
Armour
 b - a +0 scale mail (worn)
 c - a +0 kite shield (worn)
 w - a +2 hat (worn)
 E - a +0 pair of gloves (worn)
 F - a scarf of shadows (worn)
Jewellery
 k - a ring of resist corrosion (left hand)
 B - a ring of positive energy (right hand)
Wands
 n - a wand of flame (16)
 u - a wand of digging (5)
 C - a wand of iceblast (12)
Scrolls
 f - 2 scrolls of fog
 g - 2 scrolls of noise
 h - a scroll of fear {unknown}
 l - 3 scrolls of torment
 p - a scroll of holy word
 s - a scroll of vulnerability {unknown}
 t - a scroll of blinking {unknown}
 v - 2 scrolls of immolation {unknown}
 z - 2 scrolls of amnesia {unknown}
 A - 3 scrolls of identify
 G - a scroll of enchant weapon
 I - a scroll of teleportation {unknown}
Potions
 d - 3 potions of might
 e - 4 potions of resistance
 i - a potion of haste {unknown}
 j - a potion of flight {unknown}
 m - a potion of berserk rage {unknown}
 o - 2 potions of mutation {unknown}
 q - 3 potions of curing {unknown}
 r - 2 potions of ambrosia {unknown}
 D - a potion of degeneration {unknown}


   Skills:
 + Level 7.4 Fighting
 + Level 8.6 Axes
 + Level 8.9 Armour
 + Level 8.1 Dodging
 + Level 8.9 Shields


You had 9 spell levels left.
You didn't know any spells.
Your spell library contained the following spells:

 Spells                   Type           Power      Damage    Failure   Level
 Freeze                   Ice            0%         1d3       90%         1
 Magic Dart               Conj           0%         1d3       90%         1
 Summon Small Mammal      Summ           0%         N/A       90%         1
 Call Imp                 Summ           0%         N/A       97%         2
 Searing Ray              Conj           0%         3d3       97%         2
 Call Canine Familiar     Summ           0%         N/A       99%         3
 Dazzling Flash           Conj/Hex       0%         N/A       99%         3
 Frozen Ramparts          Ice            0%         1d2       99%         3
 Ozocubu's Armour         Ice            0%         N/A       99%         3
 Summon Guardian Golem    Hex/Summ       0%         N/A       99%         3
 Fulminant Prism          Conj/Hex       0%         3d6       100%        4
 Hailstorm                Conj/Ice       0%         3d3       100%        4
 Iskenderun's Mystic Bla  Conj/Tloc      0%         2d3       100%        4
 Summon Ice Beast         Ice/Summ       0%         N/A       100%        4
 Summon Lightning Spire   Summ/Air       0%         N/A       100%        4
 Metabolic Englaciation   Hex/Ice        0%         N/A       100%        5


Dungeon Overview and Level Annotations

Branches:
Dungeon (10/15)            Temple (0/1) D:6            Lair (0/6) D:9
    Orc: D:9-12

Altars:
Qazlal
Yredelemnul

Shops:
D:2 [   D:3 (   D:6 (   D:9 (


Innate Abilities, Weirdness & Mutations

You are resistant to damage.
You can heal yourself by infusing magical energy.
You passively map the area around you.
You do not regenerate.


Message History

You are too injured to fight recklessly!
You are too injured to fight recklessly!
You are too injured to fight recklessly!
You are too injured to fight recklessly!
You hit the two-headed ogre but do no damage.
The two-headed ogre is moderately wounded.
You slash the two-headed ogre! You freeze the two-headed ogre.
The two-headed ogre is engulfed in blazing flames.
You block the two-headed ogre's attack. The two-headed ogre barely misses you.
The two-headed ogre hits you with a +0 giant spiked club!!
* * * LOW HITPOINT WARNING * * *
You block the two-headed ogre's attack.
You are too injured to fight recklessly!
You are too injured to fight recklessly!
You are too injured to fight recklessly!
You slash the two-headed ogre! You freeze the two-headed ogre.
The two-headed ogre is severely wounded.
You completely miss the two-headed ogre.
The two-headed ogre is engulfed in blazing flames.
You block the two-headed ogre's attack. x2
The two-headed ogre closely misses you. x2
You slash the two-headed ogre! You freeze the two-headed ogre.
The two-headed ogre is severely wounded.
You slash the two-headed ogre! You freeze the two-headed ogre.
You kill the two-headed ogre!
Qazlal accepts your kill.
The two-headed ogre hits you but does no damage.
You block the two-headed ogre's attack. You block the centaur zombie's attack.
The centaur zombie misses you.
Your Dodging skill increases to level 8!
You are too injured to fight recklessly!
You are too injured to fight recklessly!
You are too injured to fight recklessly!
You closely miss the two-headed ogre.
The two-headed ogre is severely wounded.
You slash the centaur zombie!
The centaur zombie is engulfed in blazing flames.
You block the centaur zombie's attack. The centaur zombie closely misses you.
The two-headed ogre hits you with a +0 giant spiked club!!
You die...

, , , . , , #..#
##########,#... , .
#........# #... .. ,
#........# #... * ,
...######........#,#...
*
*....°............###...
.....Z.................
.....O@○...............
*..#############........
*, ########. , #. , * ##
, * **


You could see a two-headed ogre and a centaur zombie.

Vanquished Creatures
  3 two-headed ogres
  Pikel (D:8)
  A basilisk (D:9)
  5 yaks
  A steam dragon (D:4)
  4 water moccasins
  2 hornet zombies (D:8)
  3 ice beasts
  An orc warrior (D:8)
  A sky beast (D:7)
  2 ogres
  A necrophage (D:7)
  2 centaurs
  A kobold brigand (D:8)
  A phantom (D:5)
  2 wyvern zombies (D:8)
  Blork the orc (D:4)
  5 bullfrogs
  A gnoll sergeant (D:9)
  3 scorpions
  A water moccasin zombie (D:6)
  2 water moccasin skeletons
  3 killer bees (D:9)
  5 howler monkeys
  2 centaur zombies
  2 jellies
  A bullfrog skeleton (D:6)
  2 orc priests (D:8)
  A gnoll shaman (D:6)
  3 hounds
  A centaur skeleton (D:7)
  5 orc wizards
  5 iguanas
  5 killer bee zombies
  2 hound skeletons
  2 howler monkey zombies
  3 gnolls (D:6)
  3 adders
  3 shadow imps
  A white imp (D:4)
  2 dart slugs (D:1)
  18 orcs
  8 ball pythons
  3 bats
  5 endoplasms
  3 giant cockroaches
  5 goblins
  10 hobgoblins
  7 jackals
  4 frilled lizards
  15 kobolds
  A rat (D:2)
174 creatures vanquished.

Vanquished Creatures (others)
  11 fungi (D:9)
  17 plants (D:9)
28 creatures vanquished.

Grand Total: 202 creatures vanquished

Notes
Turn   | Place    | Note
-------+----------+-------------------------------------------
     0 | D:1      | reriks the Deep Dwarf Fighter began the quest for the Orb.
     0 | D:1      | Reached XP level 1. HP: 20/20 MP: 1/1
   127 | D:1      | Reached XP level 2. HP: 20/27 MP: 2/2
   222 | D:1      | Reached skill level 1 in Dodging
   404 | D:1      | Reached XP level 3. HP: 17/33 MP: 3/3
  1016 | D:2      | Found Huiti's Antique Armour Shop.
  1065 | D:3      | Found Diom's Weapon Shop.
  1165 | D:3      | Reached XP level 4. HP: 40/42 MP: 4/4
  1341 | D:3      | Found a faded altar of an unknown god.
  1378 | D:3      | Became a worshipper of Qazlal Stormbringer
  1378 | D:3      | Reached * piety under Qazlal
  1536 | D:4      | Noticed Blork the orc
  1544 | D:4      | Killed Blork the orc
  1545 | D:4      | Reached XP level 5. HP: 6/49 MP: 5/5
  1575 | D:4      | Noticed a steam dragon
  1583 | D:4      | Killed a steam dragon
  1584 | D:4      | Reached XP level 6. HP: 25/56 MP: 5/5
  2175 | D:2      | Reached ** piety under Qazlal
  2517 | D:5      | Entered Level 5 of the Dungeon
  2832 | D:5      | Reached XP level 7. HP: 39/64 MP: 5/5
  3078 | D:5      | Reached skill level 5 in Armour
  3174 | D:5      | Reached skill level 5 in Shields
  3446 | D:6      | Found a staircase to the Ecumenical Temple.
  3541 | D:6      | Reached skill level 5 in Axes
  3541 | D:6      | Reached XP level 8. HP: 62/73 MP: 4/4
  3638 | D:6      | Found Eria's Antique Weapon Emporium.
  3668 | D:6      | Reached skill level 5 in Fighting
  3756 | D:6      | Bought a runed war axe for 169 gold pieces
  3822 | D:6      | Reached skill level 5 in Dodging
  4144 | D:7      | Reached *** piety under Qazlal
  4381 | D:7      | Gained mutation: You passively map the area around you.
                  | [Deep Dwarf growth]
  4381 | D:7      | Reached XP level 9. HP: 18/81 MP: 5/5
  4867 | D:8      | Noticed a two-headed ogre
  4878 | D:8      | Killed a two-headed ogre
  4887 | D:8      | Noticed a two-headed ogre
  4894 | D:8      | Killed a two-headed ogre
  4895 | D:8      | Reached XP level 10. HP: 29/92 MP: 5/5
  4971 | D:8      | Found a basalt altar of Yredelemnul.
  5112 | D:8      | Noticed Pikel
  5131 | D:8      | Killed Pikel
  5376 | D:8      | Reached **** piety under Qazlal
  5853 | D:9      | Found a staircase to the Lair.
  6006 | D:2      | Bought an embroidered scarf for 208 gold pieces
  6355 | D:9      | Identified the +7 flail of the Open Hand {holy, +Rage
                  | rCorr}
  6660 | D:9      | Found Vifoh's Antique Weapon Emporium.
  6771 | D:10     | Entered Level 10 of the Dungeon
  6872 | D:10     | Noticed a two-headed ogre
  6872 | D:10     | Noticed a two-headed ogre
  6880 | D:10     | Killed a two-headed ogre
  6881 | D:10     | Slain by a two-headed ogre

Illustrated notes

Levels and vault maps discovered:
D:1:      dpeg_arrival_arbitrary_c, layout_basic, minmay_pentomino_x4
D:2:      layout_basic, serial_shops, nicolae_shop_crystal
D:3:      layout_basic, serial_shops, shop, ebering_ecumenical_altar_sacrificial
D:4:      layout_rooms, uniq_blork_the_orc
D:5:      layout_rooms, serial_co_window_serial, co_window_cross_1,
          co_window_corner_a, co_window_corner_a, co_window_corner_a,
          co_window_of_opportunity_a, co_window_corner_cb,
          co_window_of_opportunity_c, co_window_broadway_b,
          co_window_broadway_b, co_window_corner_ca, co_window_corner_b,
          co_window_4corner_b, glass_columns_a, glass_columns_a,
          glass_columns_a, glass_columns_a, amcnicky_mini_corridor_feature
D:6:      layout_cave_pools, minmay_temple_entry_mist, kennysheep_windowed_goal
D:7:      layout_cave_pods
D:8:      layout_loops_cross, nicolae_yredelemnul_corpse_copse, uniq_pikel
D:9:      layout_stronghold, due_lair_maze_entry_diamond, serial_shops, shop,
          grunt_ministairs_2
D:10:     layout_irregular_city, nicolae_trove_entry_crossroad

Skill      XL: |  1  2  3  4  5  6  7  8  9 10 |
---------------+-------------------------------+-----
Dodging        | 1 2 3 4 5 7 8 |  8.1
Fighting       | 3 4 5 6 7 |  7.4
Axes           | 3 4 5 6 7 8 |  8.6
Armour         | 4 5 6 7 8 |  8.9
Shields        | 4 5 6 7 8 |  8.9

Action                   |  1- 3 |  4- 6 |  7- 9 | 10-12 || total
-------------------------+-------+-------+-------+-------++-------
Melee: War axe           |    95 |   107 |   220 |   178 ||   600
 Abil: Heal Wounds       |     1 |     3 |    12 |     7 ||    23
  Use: Scroll            |       |       |     7 |       ||     7
Armor: Scale mail        |    50 |    34 |    63 |    49 ||   196
Dodge: Dodged            |    35 |    41 |    74 |    76 ||   226
Block: Kite shield       |    60 |    84 |   161 |   186 ||   491

Table legend: (Time is in decaauts)
 A = Elapsed time spent in this place.
 B = Non-inter-level travel time spent in this place.
 C = Inter-level travel time spent in this place.
 D = Time resting spent in this place.
 E = Time spent auto-exploring this place.
 F = Levels seen in this place.
 G = Mean time per level.
                   A        B        C        D        E       F      G
               +--------+--------+--------+--------+--------+-----+--------+
         Total |   7136 |   6666 |    470 |    300 |   4937 |  10 |  713.6 |
       Dungeon |   7136 |   6666 |    470 |    300 |   4937 |  10 |  713.6 |
               +--------+--------+--------+--------+--------+-----+--------+

Top non-repeatable levels by time:
     D:9: 952 daAuts
     D:5: 919 daAuts
     D:8: 895 daAuts
     D:7: 822 daAuts
     D:2: 790 daAuts
     D:1: 754 daAuts
     D:6: 701 daAuts
     D:4: 698 daAuts
     D:3: 489 daAuts
    D:10: 111 daAuts
